Map: Lost and Found LE

Players

Swatopluke

  • Race: Protoss Protoss
  • League: Platinum
  • Spawn Location: 1:00

BlastX - Winner!

  • Race: Protoss Protoss
  • League: Platinum
  • Spawn Location: 7:00

VOD

Have the link to the VOD?

Description

Time

  • Played on: Nov. 13, 2018, 3:11 p.m.
  • Length: 9:38
Show
View Real Time Build Order
Export as new Build Order

Swatopluke Protoss 

Build Orders: Blink Stalkers 

Get SALT Encoding   

  12  0:00  Probe  
  13  0:13  Probe  
  14  0:20  Pylon  
  14  0:25  Probe  
  15  0:34  Probe  
  15  0:38  Gateway  
  16  0:43  Probe  
  17  0:50  Assimilator  
  17  0:52  Probe  
  18  1:02  Gateway  
  18  1:04  Probe  
  19  1:16  Probe  
  20  1:25  Cybernetics Core  
  20  1:28  Probe  
  20  1:30  Assimilator  
  21  1:40  Probe  
  22  2:02  Warp Gate  
  22  2:04  Pylon  
  22  2:14  Stalker, Twilight Council  
  22  2:15  Stalker  
  22  2:16  Probe  
  25  2:28  Probe  
  28  2:39  Nexus  
  28  2:51  Blink  
  28  3:04  Stalker  
  28  3:05  Pylon  
  30  3:09  Probe  
  31  3:23  Stalker, Probe  
  32  3:39  Robotics Facility  
  32  3:58  Probe  
  32  4:02  Probe  
  34  4:04  Gateway  
  34  4:05  Stalker, Gateway  
  34  4:07  Probe  
  36  4:11  Stalker  
  36  4:14  Probe  
  40  4:22  Immortal  
  40  4:35  Probe, Assimilator  
  45  4:39  Assimilator  
  45  4:51  Immortal  
  45  4:54  Stalker  
  45  4:55  Stalker  
  49  5:05  Probe  
  54  5:09  Pylon  
  54  5:10  Pylon  
  54  5:28  Probe  
  45  5:52  Immortal  
  43  5:57  Stalker, Charge  
  43  5:58  Stalker x3  
  43  6:02  Probe x2  
  57  6:14  Probe  
  57  6:15  Probe  
  59  6:27  Probe x2  
  59  6:28  Stalker, Zealot  
  59  6:29  Observer, Zealot x2  
  70  6:34  Pylon  
  70  6:36  Pylon  
  70  6:50  Immortal  
  70  6:52  Probe  
  71  7:06  Probe x2  
  73  7:10  Stargate  
  73  7:12  Nexus  
  73  7:15  Probe  
  73  7:17  Templar Archives  
  73  7:18  Probe  
  75  7:26  Probe  
  75  7:30  Probe  
  75  7:34  Zealot x3  
  83  8:04  Psionic Storm  
  79  8:06  High Templar x3  
  79  8:07  High Templar  
  79  8:12  Probe x2  
  85  8:14  Assimilator  
  85  8:23  Phoenix, Immortal  
  91  8:28  Probe x2  
  91  8:29  Probe  
  94  8:41  Probe  
  95  8:44  Observer  
  95  8:47  High Templar x2  
  77  8:59  Zealot x2  
  79  9:14  Archon  
  59  9:25  Zealot x4  
Show
View Real Time Build Order
Export as new Build Order

BlastX Protoss - Winner!

Build Orders:  

Get SALT Encoding   

  12  0:01  Probe  
  13  0:13  Probe  
  14  0:18  Pylon  
  14  0:25  Probe  
  15  0:33  Probe  
  15  0:41  Gateway  
  15  0:42  Probe  
  17  0:50  Assimilator  
  17  0:52  Probe  
  17  0:56  Assimilator  
  18  1:04  Probe  
  19  1:10  Gateway  
  19  1:12  Probe  
  20  1:20  Probe  
  21  1:30  Cybernetics Core, Probe  
  22  1:35  Pylon  
  22  1:42  Probe  
  23  1:54  Probe  
  24  2:06  Warp Gate  
  24  2:10  Stalker x2  
  24  2:13  Pylon  
  28  2:26  Probe  
  29  2:38  Probe  
  29  2:39  Stalker  
  29  2:40  Stalker  
  33  2:56  Nexus  
  33  3:15  Robotics Facility  
  33  3:18  Forge  
  31  3:38  Stalker x2  
  35  3:46  Shield Battery  
  35  3:51  Protoss Ground Weapons Level 1  
  35  3:56  Observer  
  36  4:07  Probe  
  37  4:11  Probe  
  37  4:13  Immortal  
  38  4:19  Probe  
  38  4:23  Probe  
  44  4:29  Sentry x2  
  48  4:31  Probe  
  45  4:51  Probe x2  
  47  4:54  Immortal  
  51  5:03  Probe x2  
  51  5:06  Twilight Council  
  53  5:09  Gateway  
  53  5:10  Gateway  
  53  5:15  Probe  
  53  5:17  Pylon  
  54  5:27  Probe  
  47  5:54  Charge  
  45  5:57  Stalker x2  
  45  5:59  Probe x2  
  51  6:05  Immortal  
  51  6:07  Probe  
  56  6:11  Probe  
  56  6:12  Assimilator  
  56  6:15  Probe, Assimilator  
  56  6:16  Zealot x2  
  56  6:17  Shield Battery  
  61  6:19  Shield Battery  
  61  6:20  Gateway  
  61  6:22  Gateway  
  62  6:27  Pylon  
  62  6:31  Protoss Ground Weapons Level 2  
  62  6:45  Probe x2, Pylon  
  64  6:49  Immortal  
  68  6:57  Probe  
  69  7:05  Zealot x4  
  77  7:09  Probe  
  78  7:21  Templar Archives  
  78  7:24  Gateway  
  78  7:25  Gateway  
  78  7:28  Gateway  
  78  7:31  Pylon  
  78  7:35  Pylon  
  78  7:49  Warp Prism  
  79  7:52  Zealot x2  
  79  7:53  Zealot x2  
  79  7:54  Zealot  
  83  8:16  High Templar x4  
  83  8:17  High Templar  
  93  8:20  Archon  
  93  8:21  Archon  
  93  8:25  Probe  
  94  9:15  Nexus  
  94  9:16  Probe  
Tags
 
Composition
Blink Stalkers
Matchup
PvP
Replay Pack
Swatopluke
Spawn Locations
Cross Positions
Add a new tag
Caveats
  • Supply blocks, unpowered buildings, or Contaminate may cause inaccurate times.
  • Supply counts are checked every 10 seconds.